 Dungeon Crawl Stone Soup version 0.25.0-9-g26727b657a (webtiles) character file.

Game seed: 11193714124096045729

168 protoss039 the Digger (level 5, -4/28 HPs)
             Began as a Deep Elf Earth Elementalist on June 19, 2020.
             Slain by a gnoll
             ... wielding a +0 halberd
              (15 damage)
             ... on level 3 of the Dungeon.
             The game lasted 00:06:50 (3102 turns).

protoss039 the Digger (Deep Elf Earth Elementalist) Turns: 3102, Time: 00:06:51

Health: -4/28      AC:  2    Str:  5    XL:     5   Next: 23%
Magic:  6/13       EV: 13    Int: 21    God:
Gold:   164        SH:  0    Dex: 15    Spells: 6/12 levels left

rFire    . . .     SeeInvis .   q - +0 short sword
rCold    . . .     Gourm    .   (no shield)
rNeg     . . .     Faith    .   c - +0 robe
rPois    .         Spirit   .   (no helmet)
rElec    .         Reflect  .   (no cloak)
rCorr    .         Harm     .   (no gloves)
MR       .....                  (no boots)
Stlth    ++........             (no amulet)
HPRegen  0.09/turn              (no ring)
MPRegen  0.13/turn              (no ring)

@: no status effects
A: no striking features
a: no special abilities


You were on level 3 of the Dungeon.
You were not hungry.

You visited 1 branch of the dungeon, and saw 3 of its levels.

You collected 164 gold pieces.

Inventory:

Hand Weapons
 q - a +0 short sword (weapon)
Missiles
 b - 48 stones (quivered)
Armour
 c - a +0 robe (worn)
Jewellery
 h - an uncursed ring of protection from cold {unknown}
Scrolls
 a - 2 scrolls of teleportation {unknown}
 e - 3 scrolls of identify {unknown}
 j - a scroll of remove curse {unknown}
 k - a scroll of immolation {unknown}
 l - a scroll of enchant armour {unknown}
 m - a scroll of fear {unknown}
 p - a scroll of fog {unknown}
Potions
 f - 2 potions of heal wounds {unknown}
 g - a potion of might {unknown}
 n - a potion of brilliance {unknown}
 o - a potion of berserk rage {unknown}
Comestibles
 d - 6 rations
 i - 4 chunks of flesh


   Skills:
 + Level 0.7 Short Blades
 - Level 2.4 Dodging
 + Level 2.6 Stealth
 + Level 4.4 Spellcasting
 + Level 0.2 Conjurations
 + Level 1.1 Transmutations
 * Level 5.7 Earth Magic


You had 6 spell levels left.
You knew the following spells:

 Your Spells              Type           Power        Failure   Level  Hunger
a - Sandblast             Erth           ####..       1%          1    None
b - Passwall              Tmut/Erth      ###.....     4%          2    #......
c - Stone Arrow           Conj/Erth      ###...       10%         3    ##.....

Your spell library contained the following spells:

 Spells                   Type           Power        Failure   Level  Hunger
 Petrify                  Tmut/Erth      ###.....     28%         4    ####...
 Lee's Rapid Deconstruct  Erth           ####......   30%         5    ######.


Dungeon Overview and Level Annotations

Branches:
Dungeon (3/15)

Altars:
Kikubaaqudgha


Message History

The gnoll hits you from afar with a +0 spear.
Casting: Sandblast (safe; 1% risk of failure)
Confirm with . or Enter, or press ? or * to list all spells.
Aiming: Sandblast (safe; 1% risk of failure)
Press: ? - help, Shift-Dir - straight line, f/p - gnoll
Aim: a gnoll, wielding a +0 spear (severely wounded)
The blast of sand hits the gnoll!
You kill the gnoll!
b - 49 stones
Casting: Sandblast (safe; 1% risk of failure)
Confirm with . or Enter, or press ? or * to list all spells.
Aiming: Sandblast (safe; 1% risk of failure)
Press: ? - help, Shift-Dir - straight line, f - gnoll
Aim: a gnoll, wielding a +0 halberd The blast of sand hits the gnoll!
The gnoll is almost dead.
b - 48 stones The gnoll hits you from afar with a +0 halberd!
Ouch! That really hurt!
You die...

.....### #.# #.......(....#
.......# #.# #............#
.......# #.#####
#............#
.......###.#...#
#............#
..........P....#
#..รท####.##.##
.........P.8...#
#...####..#.####
####...........#
#.....g.........
#####..8....###g#######...####
###......@).# ##..#
###...##### #..# #...# #.>..
#...# ###### #...# ....#
####.# #.


You could see a gnoll.

Vanquished Creatures
  An orc wizard (D:3)
  A worker ant zombie (D:3)
  3 gnolls (D:3)
  3 adders
  A shadow imp (D:2)
  An adder zombie (D:3)
  3 worms
  2 dart slugs
  5 leopard geckos
  2 orcs (D:3)
  2 bats
  2 giant cockroaches
  3 goblins
  A hobgoblin (D:2)
  3 jackals (D:3)
  4 kobolds
  3 frilled lizards
  A jackal skeleton (D:3)
  2 leopard gecko skeletons (D:3)
  A leopard gecko zombie (D:3)
  8 rats
52 creatures vanquished.

Vanquished Creatures (others)
  A human (D:2)
1 creature vanquished.

Grand Total: 53 creatures vanquished

Notes
Turn   | Place    | Note
-------+----------+-------------------------------------------
     0 | D:1      | protoss039 the Deep Elf Earth Elementalist began the quest
                  | for the Orb.
     0 | D:1      | Reached XP level 1. HP: 10/10 MP: 6/6
   411 | D:1      | Reached XP level 2. HP: 10/15 MP: 6/8
  1025 | D:2      | Reached skill level 4 in Earth Magic
  1335 | D:2      | Reached XP level 3. HP: 16/19 MP: 4/9
  1424 | D:2      | Found an ancient bone altar of Kikubaaqudgha.
  1426 | D:2      | Noticed a human
  1427 | D:2      | Killed a human
  2363 | D:3      | Reached skill level 5 in Earth Magic
  2363 | D:3      | Reached XP level 4. HP: 24/24 MP: 7/12
  2440 | D:3      | Learned a level 2 spell: Passwall
  2444 | D:3      | Learned a level 3 spell: Stone Arrow
  2988 | D:3      | Reached XP level 5. HP: 28/28 MP: 2/13
  3102 | D:3      | Slain by a gnoll

Illustrated notes

Levels and vault maps discovered:
D:1:      dpeg_arrival_stone_temple_mockup, layout_basic
D:2:      layout_loops_ring, serial_forest, infiniplex_forest_clump_cross,
          infiniplex_forest_clump_long, infiniplex_forest_lined_room_,
          infiniplex_forest_end_3, infiniplex_forest_clump_curved,
          infiniplex_forest_3_way, infiniplex_forest_end_3,
          infiniplex_forest_lined_room_2, first_ration, st_stairs_9,
          tgw_kikubaaqudgha
D:3:      layout_basic, chequers_ecumenical_altar_simple_redux, serial_undead,
          serial_undead_e, serial_undead_d, serial_undead_b, serial_undead_b,
          serial_undead_a, serial_undead_c, serial_undead_c, serial_undead_f

Skill      XL: |  1  2  3 |
---------------+----------+-----
Earth Magic    | 4 5 |  5.7
Spellcasting   | 4 |  4.4
Short Blades   | |  0.7
Dodging        | |  2.4
Stealth        | |  2.6
Conjurations   | |  0.2
Transmutations | |  1.1

Action                   |  1- 3 |  4- 6 || total
-------------------------+-------+-------++-------
Melee: Dagger            |    22 |       ||    22
       Short sword       |       |     2 ||     2
 Cast: Sandblast         |    46 |    24 ||    70
       Stone Arrow       |       |    13 ||    13
 Stab: Sleeping          |     1 |     1 ||     2
  Eat: Chunk             |     4 |     3 ||     7
Armor: Robe              |     8 |     1 ||     9
Dodge: Dodged            |    30 |     4 ||    34
